 Dungeon Crawl Stone Soup version 0.31.0-11-ge490571c62 (webtiles) character file.

Game seed: 18237714570784274393

48 SnakkuSnakku7 the Ducker (level 3, -3/28 HPs)
             Began as a Merfolk Air Elementalist on Jan 31, 2024.
             Slain by an orc warrior
             ... wielding a +0 flail
              (9 damage)
             ... on level 4 of the Dungeon.
             The game lasted 00:04:36 (2146 turns).

SnakkuSnakku7 the Ducker (Merfolk Air Elementalist) Turns: 2146, Time: 00:04:36

Health: -3/28      AC:  4    Str: 10    XL:     3   Next: 72%
Magic:  5/6        EV: 12    Int: 14    God:
Gold:   100        SH:  0    Dex: 14    Spells: 5/6 levels left

rFire   . .          .
                       - Unarmed
rCold   . . .        (no shield)
rNeg    . . .        c - +1 leather armour
rPois   .            (no helmet)
rElec   .            (no cloak)
rCorr   .            (no gloves)
SInv    .            (no boots)
Will    .....        (no amulet)
Stlth   ++           (no ring)
HPRegen 0.24/turn    (no ring)
MPRegen 0.10/turn

%: no passive effects
@: weak-willed
A: (nimble swimmer 2), mertail
a: no special abilities


You were on level 4 of the Dungeon.
You visited 1 branch of the dungeon, and saw 4 of its levels.

You collected 100 gold pieces.

Inventory:

Armour
 a - a +0 robe
 c - a +1 leather armour (worn)
Scrolls
 g - a scroll of teleportation {unknown}
Potions
 b - a potion of magic
 e - 2 potions of mutation {unknown}
 h - a potion of degeneration {unknown}


   Skills:
 + Level 2.4 Fighting
 - Level 2.6 Dodging
 - Level 2.1 Stealth
 + Level 2.3 Unarmed Combat
 - Level 2.0 Spellcasting
 - Level 0.7 Conjurations
 - Level 2.4 Air Magic


You had 5 spell levels left.
You knew the following spells:

 Your Spells              Type           Power      Damage    Failure   Level
a - Shock                 Conj/Air       20%        1d4       17%         1

Your spell library contained the following spells:

 Spells                   Type           Power      Damage    Failure   Level
 Static Discharge         Conj/Air       10%        3-4/arc   26%         2
 Swiftness                Air            8%         N/A       36%         3
 Hailstorm                Conj/Ice       2%         3d5       63%         3
 Summon Ice Beast         Ice/Summ       1%         N/A       67%         3
 Airstrike                Air            4%         2d(1-17)  77%         4
 Sculpt Simulacrum        Ice/Alch       0%         N/A       100%        6


Dungeon Overview and Level Annotations

Branches:
Dungeon (4/15)
 Temple: D:4-7

Altars:
Fedhas
Xom

Shops:
D:1 !


Innate Abilities, Weirdness & Mutations

((You are very nimble when in or above water. (Stealth+, EV+, Speed+++)))
Your lower body shifts to a powerful aquatic tail in water.


Message History

The crimson imp barely misses you.
You climb downwards.
The crimson imp closely misses you.
There is a stone staircase leading up here.
The crimson imp closely misses you.
The crimson imp throws a stone.
The stone closely misses you.
The crimson imp throws a stone.
The stone hits you but does no damage.
The crimson imp blinks!
An orc wizard, an orc priest, an orc warrior and 2 orcs come into view.
Found 8 stones and 14 gold pieces.
The orc shouts!
The orc warrior shouts!
The orc wizard shouts!
You hear a shout!
The orc wizard moves out of view.
The orc priest moves out of view.
You hear a shout!
Unknown command.
You hear a shout!
The crimson imp hits you.
You hear a shout!
The crimson imp completely misses you.
You closely miss the crimson imp. The crimson imp barely misses you.
The crimson imp shouts, "Quit, thou bumbling dread-bolted snaffler!"
The crimson imp barely misses you.
Unknown command.
The orc shouts!
You hear a shout! x2
The crimson imp closely misses you.
As you read the scroll labelled PIRGHA GESO, it crumbles to dust.
It is a scroll of enchant armour.
Your +0 leather armour glows green for a moment.
The orc hits you with a +0 hand axe.
The crimson imp hits you but does no damage. x2
As you read the scroll labelled LASOUCV LUADE, it crumbles to dust.
A wave of despondency washes over your surroundings.
It was a scroll of vulnerability.
The orc hits you with a +0 hand axe!
* * * LOW HITPOINT WARNING * * *
The crimson imp barely misses you. x2
Unknown command.
The orc hits you with a +0 hand axe.
* * * LOW HITPOINT WARNING * * *
The orc warrior attacks as it pursues you!
The orc warrior hits you with a +0 flail!
You die...

.8. 8. # $.#.(
#..o# #.o.. #
##... #.#o.#
#.#o##########
#..o@.........
##.o5#....###
####5#.######
#.............
#.##<.........
###########


You could see an orc warrior (weak-willed), an orc wizard, 2 crimson imps and 2
orcs.

Vanquished Creatures
  A ribbon worm (D:2)
  A dart slug (D:1)
  5 bats
  4 endoplasms
  A giant cockroach (D:2)
  5 hobgoblins
  2 jackals (D:1)
  4 ball pythons (D:1)
  9 frilled lizards
  2 goblins
  3 kobolds
  5 rats
42 creatures vanquished.

Notes
Turn   | Place    | Note
-------+----------+-------------------------------------------
     0 | D:1      | SnakkuSnakku7 the Merfolk Air Elementalist began the quest
                  | for the Orb.
     0 | D:1      | Reached XP level 1. HP: 13/13 MP: 3/3
   282 | D:1      | Reached skill level 1 in Fighting
   282 | D:1      | Reached skill level 1 in Unarmed Combat
   282 | D:1      | Reached XP level 2. HP: 10/21 MP: 3/5
   465 | D:1      | Found Ytoz Fiu's Distillery.
   780 | D:2      | Reached XP level 3. HP: 26/27 MP: 6/6
   854 | D:2      | Found a blossoming altar of Fedhas.
  1858 | D:3      | Found a shimmering altar of Xom.
  2139 | D:4      | Noticed an orc warrior
  2146 | D:4      | Slain by an orc warrior

Illustrated notes

Levels and vault maps discovered:
D:1:      dpeg_arrival_castle, layout_basic, serial_shops,
          nicolae_shop_tiny_waterfront, chequers_serial_rivers_micro_e
D:2:      layout_basic, basic_altar, minmay_lizard_king
D:3:      layout_basic, led_xom_imps, hellmonk_ecumenical_altar_inner_sanctum
D:4:      layout_loops_ring, guppyfry_early_orc_mine, uniq_pargi, uniq_ijyb,
          uniq_menkaure

Skill      XL: |  1  2  3 |
---------------+----------+-----
Fighting       | 1 2 |  2.4
Unarmed Combat | 1 2 |  2.3
Dodging        | |  2.6
Stealth        | |  2.1
Spellcasting   | |  2.0
Conjurations   | |  0.7
Air Magic      | |  2.4

Action                     || total
---------------------------++-------
  Melee: Unarmed           ||   254
         Tailslap          ||     4
         Punch             ||     5
   Cast: Shock             ||    11
    Use: Scroll            ||     2
   Stab: Sleeping          ||     7
 Armour: Leather armour    ||   165
         Robe              ||    16
         Skin              ||     9
  Dodge: Dodged            ||   218
